 Dungeon Crawl Stone Soup version 0.22-a0-247-gbddf880 (webtiles) character file.

278934 mortelune the Warrior (level 19, -16/158 HPs)
             Began as a Demonspawn Abyssal Knight on Feb 24, 2018.
             Was the Champion of Lugonu.
             Killed from afar by a Brimstone Fiend (39 damage)
             ... with damnation
             ... summoned by a deep elf demonologist
             ... on level 3 of the Elven Halls.
             The game lasted 03:06:40 (61085 turns).

mortelune the Warrior (Demonspawn Abyssal Knight)  Turns: 61085, Time: 03:06:40

Health: -16/158    AC: 26    Str: 21    XL:     19   Next: 64%
Magic:  29/29      EV: 18    Int: 15    God:    Lugonu [******]
Gold:   539        SH: 15    Dex: 15    Spells: 16/18 levels left

rFire    + + .     SeeInvis +   H - +4 scimitar (flame)
rCold    + + .     Gourm    .   d - +1 shield "Muekhlaah" {rCorr}
rNeg     + . .     Faith    .   N - +1 ring mail "Muoqum" {rElec Slay+5}
rPois    +         Spirit   .   P - +2 hat {MR+}
rElec    +         Reflect  .   x - +2 cloak {rPois}
rCorr    +         Harm     .   (no gloves)
MR       ++...                  a - +0 pair of boots of the Final Deaths {rN+ Str+4}
Stlth    +.........             k - amulet of the acrobat
HPRegen  0.36/turn              X - ring of see invisible
MPRegen  0.21/turn              q - +6 ring of protection

@: about to teleport, resistant, very slightly contaminated
A: horns 1, molten scales 3, cold resistance 1, spiny 3, freezing cloud immunity
}: 2/15 runes: serpentine, barnacled
a: Depart the Abyss, Bend Space, Banish, Corrupt, Enter the Abyss, Brand Weapon
With Distortion, Renounce Religion


You were on level 3 of the Elven Halls.
You worshipped Lugonu.
Lugonu was exalted by your worship.
You were not hungry.

You visited 6 branches of the dungeon, and saw 34 of its levels.
You visited the Abyss 1 time.
You also visited: Bailey and Ice Cave.

You collected 3922 gold pieces.
You spent 3383 gold pieces at shops.

Inventory:

Hand Weapons
 H - a +4 scimitar of flaming (weapon)
Missiles
 Z - 11 throwing nets (quivered)
Armour
 a - the +0 pair of boots of the Final Deaths (worn) {rN+ Str+4}
   (You found it on level 1 of the Elven Halls)

   It affects your strength (+4).
   It protects you from negative energy.
 d - the +1 shield "Muekhlaah" (worn) {rCorr}
   (You bought it in a shop on level 2 of the Orcish Mines)

   It protects you from acid and corrosion.
 u - a scarf of cloud immunity
 x - a +2 cloak of poison resistance (worn)
 N - the +1 ring mail "Muoqum" (worn) {rElec Slay+5}
   (You bought it in a shop on level 2 of the Orcish Mines)

   It affects your accuracy and damage with ranged weapons and melee attacks
   (+5).
   It insulates you from electricity.
 P - a +2 hat of magic resistance (worn)
Jewellery
 b - an uncursed ring of protection from magic
 h - an uncursed ring of fire
 k - an amulet of the acrobat (around neck)
 q - a +6 ring of protection (right hand)
 M - an uncursed ring of protection from cold
 X - a ring of see invisible (left hand)
Wands
 i - a wand of polymorph (17)
 p - a wand of flame (74)
 z - a wand of clouds (3)
 B - a wand of digging (13)
 D - a wand of disintegration (51)
 E - a wand of enslavement (19)
 G - a wand of paralysis (38)
 U - a wand of iceblast (11)
 V - a wand of scattershot (15)
 W - a wand of acid (5)
Scrolls
 f - 8 scrolls of fear
 g - 21 scrolls of remove curse
 o - a scroll of magic mapping
 s - 3 scrolls of fog
 C - 4 scrolls of enchant weapon
 F - 7 scrolls of identify
 O - 4 scrolls of immolation
 Q - a scroll of teleportation
Potions
 e - 2 potions of magic
 l - 13 potions of curing
 m - 3 potions of heal wounds
 n - a potion of resistance
 r - 6 potions of cancellation
 t - 2 potions of berserk rage
 v - a potion of invisibility
 w - 2 potions of agility
 I - 6 potions of haste
 J - 2 potions of mutation
 K - a potion of ambrosia
 L - 3 potions of might
 R - 3 potions of brilliance
Miscellaneous
 A - a lightning rod (4/4)
 S - 2 sacks of spiders
 T - a box of beasts
 Y - a fan of gales
Comestibles
 c - 40 rations


   Skills:
 + Level 16.3 Fighting
 - Level 15.0 Long Blades
 + Level 13.5 Armour
 + Level 10.9 Dodging
 - Level 14.0 Shields
 + Level 13.4 Invocations
 * Level 11.0 Evocations


You had 16 spell levels left.
You knew the following spells:

 Your Spells              Type           Power        Failure   Level  Hunger
a - Blink                 Tloc           N/A          54%         2    ###....


Dungeon Overview and Level Annotations

Branches:
Dungeon (15/15)            Temple (0/1) D:7            Lair (6/6) D:11
 Shoals (4/4) Lair:4        Snake (4/4) Lair:4        Slime (0/5) Lair:6
    Orc (2/2) D:12            Elf (3/3) Orc:2        Vaults (0/5) D:14
 Depths (0/5) D:15

Altars:
Cheibriados
Dithmenos
Elyvilon
Fedhas
Gozag
Hepliaklqana
Kikubaaqudgha
Makhleb
Okawaru
Qazlal
Vehumet
Yredelemnul
Beogh

Shops:
D:9 [   D:11 ::%((   D:15 *   Orc:1 }   Orc:2 *?[}   Elf:1 (*   Elf:2 *
Elf:3 !   Shoals:2 }   Shoals:4 *   Snake:3 (}*

Portals:
Pandemonium: Orc:2
Trove: D:10 (give 18 potions of curing)

Annotations:
Lair:3 exclusion: oklob plant
Lair:4 exclusion: oklob plant
Elf:2 corrupted
Elf:3 corrupted
Abyss:1 Prince Ribbit, Urug


Innate Abilities, Weirdness & Mutations

You have a pair of small horns on your head.
You are completely covered in molten scales. (AC +4, rF+)
Your flesh is cold resistant. (rC+)
You are completely covered in sharp spines.
You are immune to freezing clouds.


Message History

* * * LOW HITPOINT WARNING * * *
The deep elf demonologist shouts!
You hear a shout!
The deep elf demonologist mumbles some strange words.
Things that are here:
a rapier; a ring mail; an elf skeleton Your surroundings suddenly seem different.
A deep elf demonologist comes into view.
It is wielding a halberd of protection.
The deep elf demonologist shouts!
You hear a shout!
A deep elf demonologist comes into view.
It is wielding a scythe of protection.
The deep elf demonologist mumbles some strange words.
The deep elf demonologist casts a spell.
A deep elf annihilator comes into view. It is wielding a long sword.
The deep elf annihilator shouts!
You hear a shout!
Found 23 stones and a ration.
A deep elf mage comes into view.
It is wielding a faintly glowing short sword {speed}.
As you read the scroll of teleportation, it crumbles to dust.
You feel strangely unstable. The Brimstone Fiend gestures at you.
The sphere of damnation explodes!
The damnation engulfs you!
You die...

.4.e...........
###
.3e####)####...
.# .......## #.
#.......### .
....1.....## ..
...........#...
.....(e........
#####
...e...........
#....
#2.@.......
#####
##....3..4. #.
###....e..
####. #...%..
#.... ...e..
##### ......
##### .....
#.... .....
##### #....


You could see a Brimstone Fiend, a green death, a deep elf annihilator, 2 deep
elf demonologists, an ice devil, a deep elf mage and a smoke demon.

Vanquished Creatures
  Jorgrun (Shoals:4)
  Asterion (Elf:1)
  A deep elf master archer (Elf:3)
  5 deep elf blademasters
  Agnes (Elf:1)
  Roxanne (Elf:2)
  Ilsuiw (Shoals:4)
  14 nagarajas
  An azure jelly (shapeshifter) (Elf:3)
  A deep elf elementalist (Elf:3)
  Louise (Shoals:4)
  Aizul (Shoals:1)
  A very ugly thing (IceCv)
  2 deep elf demonologists
  Nessos (D:12)
  A deep elf annihilator (Elf:3)
  6 merfolk javelineers
  A large abomination (Elf:3)
  6 deep elf death magi
  2 deep elf high priests (Elf:3)
  9 merfolk impalers
  2 hydras
  11 naga warriors
  4 merfolk avatars
  2 ice dragons
  6 vault guards (D:14)
  9 anacondas
  4 merfolk aquamancers
  An ogre mage (D:15)
  22 dancing weapons
  2 alligator snapping turtles
  7 two-headed ogres
  3 centaur warriors
  3 death yaks
  A tengu warrior (D:15)
  6 orc high priests
  17 deep elf knights
  4 shock serpents
  4 naga sharpshooters
  2 sun demons (Orc:2)
  A sixfirhy (Orc:2)
  3 salamander mystics
  3 skeletal warriors (D:14)
  5 unseen horrors
  8 sea snakes
  A torturous demonspawn (Orc:2)
  2 lindwurms (Lair:6)
  7 naga ritualists
  9 mana vipers
  9 deep elf archers
  A wizard (D:15)
  7 orc knights
  16 harpies
  2 ugly things
  7 manticores
  5 orc sorcerers
  A wolf spider (Lair:6)
  54 deep elf magi
  11 cyclopes
  4 fauns (Shoals:1)
  A centaur zombie (D:13)
  5 elephants
  6 merfolk sirens
  A guardian serpent (Lair:6)
  10 salamanders
  5 water nymphs
  15 naga magi
  42 black mambas
  A smoke demon (Orc:2)
  An orange demon (Orc:2)
  13 spiny frogs
  5 torpor snails (Lair:6)
  An efreet (D:13)
  A komodo dragon (shapeshifter) (Elf:1)
  A kobold demonologist (Bailey)
  6 rime drakes
  2 anaconda simulacra (IceCv)
  11 komodo dragons
  A hellwing (Orc:2)
  A troll (shapeshifter) (Elf:1)
  28 merfolk
  5 trolls
  A hornet (shapeshifter) (D:14)
  3 tyrant leeches (Lair:6)
  A queen bee (shapeshifter) (Elf:1)
  6 wind drakes
  A polar bear (Lair:5)
  21 blink frogs
  2 slime creatures (D:12)
  11 hornets
  A slime creature (shapeshifter) (Elf:2)
  A hippogriff (shapeshifter) (Elf:2)
  6 dream sheep
  7 hippogriffs
  4 snapping turtles
  A shadow (D:12)
  2 redbacks (Lair:6)
  19 water elementals
  2 wraiths
  4 air elementals
  4 fire elementals
  33 yaks
  3 vampires
  12 wyverns
  A basilisk (shapeshifter) (Elf:2)
  2 basilisks
  5 hungry ghosts
  15 vampire mosquitoes
  Menkaure (D:7)
  2 steam dragons (Shoals:1)
  4 wargs
  2 acid dragons
  3 harpy simulacra (IceCv)
  19 water moccasins
  52 nagas
  Duvessa (D:7)
  9 porcupines
  2 soldier ants
  43 orc warriors
  A phantom (D:13)
  3 sky beasts
  2 black bears (Lair:4)
  An eye of draining (D:13)
  11 ice beasts
  3 necrophages
  18 ogres
  10 wolves
  16 centaurs
  9 crocodiles
  3 big kobolds
  21 bullfrogs
  4 earth elementals
  A wyvern zombie (D:11)
  Dowan (D:7)
  3 scorpions
  16 killer bees
  9 wights
  4 electric eels
  The ghost of Karim the Caller, a weakling GnSu (D:3)
  7 crimson imps
  6 howler monkeys
  7 centaur skeletons
  6 hounds
  18 orc wizards
  6 jellies
  2 bullfrog zombies
  30 orc priests
  A bullfrog skeleton (D:9)
  2 gnoll shamans
  3 iguanas
  15 worker ants
  A killer bee zombie (D:6)
  A hound zombie (D:4)
  A worker ant zombie (D:6)
  A howler monkey skeleton (D:4)
  24 gnolls
  11 adders
  2 shadow imps
  3 worms
  3 dart slugs
  A leopard gecko (D:5)
  113 orcs
  A ball python (D:4)
  6 giant cockroaches
  18 goblins
  11 hobgoblins
  11 jackals
  20 kobolds
  3 quokkas
  7 bats
  6 frilled lizards
  6 rats
1282 creatures vanquished.

Vanquished Creatures (collateral kills)
  An anaconda (Snake:1)
1 creature vanquished.

Vanquished Creatures (others)
  A deep elf master archer (Elf:3)
  The ghost of ThereIsNoGod the Eclecticist, an adept SpVM of Gozag (Elf:2)
  A deep elf sorcerer (Elf:3)
  2 deep elf elementalists (Elf:3)
  A very ugly thing (IceCv)
  A deep elf demonologist (Elf:3)
  A deep elf death mage (Elf:3)
  3 hydras
  4 two-headed ogres
  A death yak (Lair:2)
  7 dancing weapons
  A naga sharpshooter (Snake:3)
  3 orc high priests (Orc:2)
  2 deep elf knights (Elf:2)
  A gelid demonspawn (Orc:2)
  2 deep elf archers
  2 orc sorcerers
  3 deep elf magi
  A cyclops (D:12)
  A black mamba (Snake:2)
  A guardian serpent (Snake:3)
  A centaur skeleton (D:13)
  5 ice statues (IceCv)
  The ghost of ThereIsNoGod the Thaumaturge, a novice SpVM (D:8)
  A hornet (Lair:6)
  A meliai zombie (D:12)
  A dire elephant simulacrum (IceCv)
  A wraith (D:12)
  2 harpy simulacra (IceCv)
  An iron troll simulacrum (IceCv)
  2 nagas
  An orc warrior (D:12)
  An orc (Elf:3)
  2 bushes (Lair:6)
  41 fungi
  69 plants
  9 starspawn tentacles (Elf:2)
179 creatures vanquished.

Grand Total: 1462 creatures vanquished

Notes
Turn   | Place    | Note
-------+----------+-------------------------------------------
     0 | Abyss:1  | mortelune the Demonspawn Abyssal Knight began the quest for the Orb.
     0 | Abyss:1  | Reached XP level 1. HP: 18/18 MP: 2/2
   108 | Abyss:1  | Noticed a chaos spawn
   108 | D:1      | Escaped the Abyss
   295 | D:1      | Gained mutation: You are partially covered in molten scales. (AC +2) [demonic ancestry]
   295 | D:1      | Reached XP level 2. HP: 20/24 MP: 3/3
   407 | D:1      | Reached * piety under Lugonu
  1093 | D:1      | Reached XP level 3. HP: 29/29 MP: 4/4
  1489 | D:2      | Found a basalt altar of Yredelemnul.
  2615 | D:2      | Gained mutation: You are partially covered in sharp spines. [demonic ancestry]
  2615 | D:2      | Reached XP level 4. HP: 27/36 MP: 5/5
  2824 | D:3      | Reached ** piety under Lugonu
  3101 | D:3      | Noticed Karim's ghost (weakling GnSu)
  3735 | D:3      | Gained mutation: You are mostly covered in molten scales. (AC +3) [demonic ancestry]
  3735 | D:3      | Reached XP level 5. HP: 36/42 MP: 6/6
  3738 | D:3      | Reached skill level 4 in Fighting
  4111 | D:4      | Gained mutation: You have a pair of small horns on your head. [demonic ancestry]
  4111 | D:4      | Reached XP level 6. HP: 48/48 MP: 8/8
  4153 | D:4      | Found a white marble altar of Elyvilon.
  4544 | D:5      | Entered Level 5 of the Dungeon
  4653 | D:5      | Found a shadowy altar of Dithmenos.
  5122 | D:5      | Gained mutation: You are completely covered in molten scales. (AC +4, rF+) [demonic ancestry]
  5122 | D:5      | Reached XP level 7. HP: 55/55 MP: 8/10
  5179 | D:5      | Got a slimy dagger
  5182 | D:5      | Identified the +6 dagger of the Final Decision {vamp, *Slow rC+ MR++ Stlth+} (You found it on level 5 of the Dungeon)
  5317 | D:5      | Found an ancient bone altar of Kikubaaqudgha.
  5572 | D:6      | Reached skill level 5 in Long Blades
  5577 | D:6      | Reached skill level 5 in Fighting
  6203 | D:6      | Reached skill level 5 in Invocations
  6237 | D:6      | Found a snail-covered altar of Cheibriados.
  6252 | D:6      | Gained mutation: You are mostly covered in sharp spines. [demonic ancestry]
  6252 | D:6      | Reached XP level 8. HP: 59/62 MP: 11/11
  6577 | D:6      | Reached *** piety under Lugonu
  7123 | D:7      | Found a staircase to the Ecumenical Temple.
  7127 | D:7      | Noticed Duvessa
  7131 | D:7      | Noticed Dowan
  7188 | D:7      | Found a burning altar of Makhleb.
  7250 | D:7      | Noticed Prince Ribbit
  7254 | D:7      | Banished Prince Ribbit
  7254 | D:7      | Reached skill level 6 in Fighting
  7254 | D:7      | Reached skill level 5 in Armour
  7382 | D:7      | Reached XP level 9. HP: 69/69 MP: 13/13
  7527 | D:7      | Killed Dowan
  7539 | D:7      | Noticed Menkaure
  7831 | D:8      | Noticed a two-headed ogre
  7834 | D:8      | Banished a two-headed ogre
  7846 | D:8      | Noticed a two-headed ogre
  7855 | D:8      | Banished a two-headed ogre
  7978 | D:8      | Found a burning altar of Makhleb.
  7984 | D:8      | Found a radiant altar of Vehumet.
  7987 | D:8      | Noticed ThereIsNoGod's ghost (novice SpVM)
  7989 | D:8      | Banished ThereIsNoGod's ghost
  7989 | D:8      | Reached skill level 7 in Fighting
  8097 | D:8      | Found a blossoming altar of Fedhas.
  8764 | D:9      | Found an iron altar of Okawaru.
  8783 | D:9      | Found an opulent altar of Gozag.
  8864 | D:9      | Reached XP level 10. HP: 70/79 MP: 16/16
  8915 | D:9      | Found Hoyn's Antique Armour Shop.
  9233 | D:9      | Reached skill level 1 in Shields
  9450 | D:9      | Noticed a two-headed ogre
  9452 | D:9      | Banished a two-headed ogre
  9957 | D:10     | Entered Level 10 of the Dungeon
 10501 | D:10     | Reached skill level 8 in Fighting
 10601 | D:10     | Found a portal to a secret trove of treasure.
 11057 | D:10     | Noticed a two-headed ogre
 11063 | D:10     | Paralysed by a hornet for 2 turns
 11067 | D:10     | Banished a two-headed ogre
 11067 | D:10     | Reached skill level 10 in Long Blades
 11807 | D:11     | Reached XP level 11. HP: 87/87 MP: 17/17
 11827 | D:11     | Killed an unseen horror
 12059 | D:7      | Killed Menkaure
 12254 | D:7      | Identified 2 scrolls of acquirement
 12271 | D:7      | Got a jewelled hat
 12277 | D:7      | Identified the +0 hat "Lek Lani" {rF+ rN+ Dex+4} (You acquired it on level 7 of the Dungeon)
 12291 | D:7      | Killed Duvessa
 12291 | D:7      | Reached **** piety under Lugonu
 12511 | D:3      | Found a stormy altar of Qazlal.
 12565 | D:3      | Killed Karim's ghost
 12771 | D:11     | Noticed a five-headed hydra
 12775 | D:10     | Banished a five-headed hydra
 12935 | D:11     | Noticed Urug
 12953 | D:11     | Banished Urug
 13114 | D:11     | Found Obielafa's Food Shop.
 13122 | D:11     | Found Valluurph's Book Shop.
 13184 | D:11     | Reached skill level 9 in Fighting
 13409 | D:11     | Found Damok's Book Shop.
 13428 | D:11     | Found a staircase to the Lair.
 13448 | Lair:1   | Entered Level 1 of the Lair of Beasts
 13610 | Lair:1   | Reached skill level 5 in Shields
 14585 | Lair:1   | Noticed a six-headed hydra
 14587 | Lair:1   | Banished a six-headed hydra
 14957 | Lair:1   | Reached XP level 12. HP: 95/96 MP: 18/18
 15472 | Lair:2   | Reached ***** piety under Lugonu
 15697 | Lair:2   | Noticed a death yak
 15698 | Lair:2   | Banished a death yak
 15699 | Lair:2   | Noticed a death yak
 15847 | Lair:2   | Learned a level 2 spell: Blink
 15959 | Lair:2   | Noticed a death yak
 15960 | Lair:2   | Noticed a death yak
 16676 | Lair:3   | Reached skill level 10 in Fighting
 17114 | Lair:3   | Found a hazy altar of Hepliaklqana.
 19178 | Lair:4   | Found a staircase to the Snake Pit.
 19263 | Lair:4   | Gained mutation: Your flesh is cold resistant. (rC+) [demonic ancestry]
 19263 | Lair:4   | Reached XP level 13. HP: 91/104 MP: 20/20
 19353 | Lair:4   | Found a staircase to the Shoals.
 20750 | Lair:6   | Entered Level 6 of the Lair of Beasts
 21190 | Lair:6   | Reached skill level 10 in Invocations
 21748 | Lair:6   | Paralysed by a hornet for 3 turns
 22283 | Lair:6   | Reached skill level 11 in Fighting
 22309 | Lair:6   | Paralysed by a hornet for 1 turns
 22544 | Lair:6   | Reached skill level 10 in Armour
 22832 | Lair:6   | Found a runed door.
 22836 | Lair:6   | Paralysed by a hornet for 1 turns
 22928 | Lair:6   | Paralysed by a hornet for 3 turns
 24447 | Lair:6   | Found a staircase to the Slime Pits.
 24528 | Lair:6   | Reached XP level 14. HP: 112/113 MP: 22/22
 26042 | D:11     | Found Xunwofem's Antique Weapon Boutique.
 26139 | D:11     | Found Fangik's Weapon Emporium.
 27501 | D:12     | Noticed Nessos
 27534 | D:12     | Killed Nessos
 27962 | D:12     | Found a staircase to the Orcish Mines.
 29906 | D:13     | Got a crystal trident
 30007 | D:13     | Identified the +0 trident of the Absolute Madman {pierce, MP-9 Str+3 SInv} (You found it on level 13 of the Dungeon)
 30179 | D:14     | Found a flagged portal.
 30199 | Bailey   | Entered a bailey
 30280 | Bailey   | Found an iron altar of Okawaru.
 31677 | D:14     | Found a gate to the Vaults.
 31698 | D:14     | Reached skill level 12 in Fighting
 32231 | D:14     | Reached XP level 15. HP: 80/120 MP: 24/24
 32508 | D:14     | Reached ****** piety under Lugonu
 33207 | D:15     | Entered Level 15 of the Dungeon
 33424 | D:15     | Found Hime's Serpentskin Sales.
 33877 | D:15     | Paralysed by an orc sorcerer for 7 turns
 33885 | D:15     | Reached skill level 15 in Long Blades
 34688 | D:15     | Found a staircase to the Depths.
 34771 | D:15     | Found a roughly hewn altar of Beogh.
 34940 | Orc:1    | Entered Level 1 of the Orcish Mines
 34940 | Orc:1    | Found Uxza Iro's Gadget Boutique.
 34996 | Orc:1    | Found a roughly hewn altar of Beogh.
 35116 | Orc:2    | Entered Level 2 of the Orcish Mines
 36257 | Orc:2    | Found a staircase to the Elven Halls.
 36338 | Orc:2    | Found Fadaqus's General Store.
 36594 | Orc:2    | Found Seeh's Magic Scroll Shoppe.
 36627 | Orc:2    | Reached skill level 1 in Dodging
 36868 | Orc:2    | Bought a scroll of teleportation for 54 gold pieces
 36868 | Orc:2    | Bought a scroll of identify for 36 gold pieces
 36871 | Orc:2    | Bought a scroll of identify for 28 gold pieces
 36871 | Orc:2    | Bought a scroll of vulnerability for 105 gold pieces
 37065 | Orc:2    | Paralysed by an orc sorcerer for 4 turns
 37246 | Orc:2    | Reached skill level 10 in Shields
 37878 | Orc:2    | Paralysed by an orc sorcerer for 4 turns
 37884 | Orc:2    | Found Taaraf's Antique Armour Shop.
 37884 | Orc:2    | Found a one-way gate leading to the halls of Pandemonium.
 37884 | Orc:2    | Found Veih's Gadget Boutique.
 37891 | Orc:2    | Bought a jewelled shield for 247 gold pieces
 37891 | Orc:2    | Bought a translucent ring mail for 234 gold pieces
 37901 | Orc:2    | Identified the +1 shield "Muekhlaah" {rCorr} (You bought it in a shop on level 2 of the Orcish Mines)
 37911 | Orc:2    | Identified the +1 ring mail "Muoqum" {rElec Slay+5} (You bought it in a shop on level 2 of the Orcish Mines)
 37913 | Orc:2    | Bought a fan of gales for 520 gold pieces
 37913 | Orc:2    | Bought a box of beasts for 260 gold pieces
 38152 | Orc:2    | Found a roughly hewn altar of Beogh.
 38492 | Snake:1  | Entered Level 1 of the Snake Pit
 38492 | Snake:1  | Noticed a nagaraja
 38502 | Snake:1  | Killed a nagaraja
 38655 | Snake:1  | Found a frozen archway.
 38747 | IceCv    | Entered an ice cave
 38975 | IceCv    | Reached XP level 16. HP: 129/129 MP: 25/25
 38976 | IceCv    | Reached skill level 13 in Fighting
 39141 | IceCv    | Corrupted IceCv
 39141 | IceCv    | Noticed a lich
 39297 | IceCv    | Got a twisted broad axe
 39298 | IceCv    | Identified the +10 broad axe of Intimidation {chop, rPois Dex+7} (You found it in an ice cave)
 41292 | Snake:2  | Reached skill level 5 in Dodging
 43250 | Snake:3  | Found Mol Vief's Assorted Antiques.
 43258 | Snake:3  | Bought a potion of curing for 99 gold pieces
 43258 | Snake:3  | Bought a runed cloak for 247 gold pieces
 43343 | Snake:3  | Found Orohuic's Gadget Shop.
 43343 | Snake:3  | Found Jemulin's Antique Weapon Boutique.
 43524 | Snake:4  | Entered Level 4 of the Snake Pit
 43927 | Snake:4  | Reached skill level 14 in Fighting
 44127 | Snake:4  | Reached XP level 17. HP: 139/139 MP: 26/26
 46665 | Snake:4  | Got a serpentine rune of Zot
 46940 | Shoals:1 | Entered Level 1 of the Shoals
 47846 | Shoals:1 | Noticed Aizul
 47871 | Shoals:1 | Killed Aizul
 48326 | Shoals:1 | Reached skill level 1 in Evocations
 49326 | Shoals:2 | Found Geoku's Gadget Shoppe.
 49366 | Shoals:2 | Bought a lightning rod (4/4) for 720 gold pieces
 49459 | Shoals:2 | Reached skill level 15 in Fighting
 50584 | Shoals:4 | Entered Level 4 of the Shoals
 51085 | Shoals:4 | Noticed Ilsuiw
 51553 | Shoals:4 | Gained mutation: You are completely covered in sharp spines. [demonic ancestry]
 51553 | Shoals:4 | Reached XP level 18. HP: 114/149 MP: 27/27
 52081 | Shoals:4 | Killed Ilsuiw
 52081 | Shoals:4 | Reached skill level 5 in Evocations
 52262 | Shoals:4 | Found Wonkuzof's Whimsical Warehouse.
 52616 | Shoals:4 | Noticed Louise
 52626 | Shoals:4 | Killed Louise
 52883 | Shoals:4 | Noticed Jorgrun
 52898 | Shoals:4 | Killed Jorgrun
 54051 | Shoals:4 | Got a barnacled rune of Zot
 54537 | Elf:1    | Entered Level 1 of the Elven Halls
 54654 | Elf:1    | Noticed Agnes
 54665 | Elf:1    | Killed Agnes
 54850 | Elf:1    | Noticed Asterion
 54876 | Elf:1    | Killed Asterion
 55261 | Elf:1    | Found Beossug's Assorted Antiques.
 55266 | Elf:1    | Found Vasote's Antique Weapon Shop.
 55289 | Elf:1    | Got a pair of transparent boots
 55300 | Elf:1    | Identified the +0 pair of boots of the Final Deaths {rN+ Str+4} (You found it on level 1 of the Elven Halls)
 56090 | Elf:1    | Reached skill level 10 in Dodging
 56148 | Elf:1    | Got a faintly glowing war axe
 56149 | Elf:1    | Identified the +0 war axe "Ogrebane" {pain, rN++ Str-5} (You found it on level 1 of the Elven Halls)
 56570 | Elf:2    | Found Pullac's Assorted Antiques.
 56573 | Elf:2    | Noticed Roxanne
 56576 | Elf:2    | Bought an ancient arbalest for 304 gold pieces
 56576 | Elf:2    | Bought a potion of heal wounds for 160 gold pieces
 56646 | Elf:2    | Identified the +10 arbalest of the Desert {flame, Int+3} (You bought it in a shop on level 2 of the Elven Halls)
 56787 | Elf:2    | Killed Roxanne
 56788 | Elf:2    | Identified Roxanne's Catalogue of Transmutation (You took it off Roxanne on level 2 of the Elven Halls)
 57490 | Elf:2    | Found a huge runed gate.
 57490 | Elf:2    | Found a huge runed gate.
 57490 | Elf:2    | Found a huge runed gate.
 57493 | Elf:2    | Gained mutation: You are immune to freezing clouds. [demonic ancestry]
 57493 | Elf:2    | Reached XP level 19. HP: 157/157 MP: 28/28
 57494 | Elf:2    | Found a huge runed gate.
 57496 | Elf:2    | Found a huge runed gate.
 57715 | Elf:2    | Corrupted Elf:2
 57833 | Elf:2    | Killed ThereIsNoGod's ghost
 58343 | Elf:2    | Reached skill level 16 in Fighting
 58826 | Elf:3    | Entered Level 3 of the Elven Halls
 59134 | Elf:3    | Reached skill level 10 in Evocations
 59661 | Elf:3    | Found Varchuda's Distillery.
 59669 | Elf:3    | Bought a potion of curing for 45 gold pieces
 59669 | Elf:3    | Bought a potion of curing for 45 gold pieces
 59669 | Elf:3    | Bought a potion of invisibility for 120 gold pieces
 59669 | Elf:3    | Bought a potion of heal wounds for 75 gold pieces
 59774 | Elf:3    | Corrupted Elf:3
 60319 | Orc:2    | Bought 2 scrolls of teleportation for 84 gold pieces
 61061 | Elf:3    | Noticed a Tzitzimitl
 61085 | Elf:3    | Noticed a Brimstone Fiend
 61085 | Elf:3    | Killed from afar by a Brimstone Fiend

Vault maps used:
D:1:      minmay_arrival_split_and_join, serial_forest,
          infiniplex_forest_lined_2, infiniplex_forest_clump_tiny,
          infiniplex_forest_clump_medium, infiniplex_forest_clump_small,
          infiniplex_forest_split, infiniplex_forest_end_double,
          infiniplex_forest_straight_5, infiniplex_forest_end_3,
          infiniplex_forest_clump_large
D:2:      lemuel_doored_altar
D:3:      lemuel_coloured_pillars_altar, cheibrodos_gnoll_hut
D:4:      kennysheep_big_flooded_room, elyvilon_altar_5
D:5:      nicolae_dithmenos_the_darkroom, kennysheep_little_box, first_ration
D:6:      slow_altar_1
D:7:      minmay_temple_entry_glass, makhleb_heckhound_becter,
          uniq_prince_ribbit1, uniq_menkaure, uniq_duvessa
D:8:      old_standard_altar, fedhas_altar_1, old_standard_altar, eino_jars
D:9:      okawaru_ov_weapons_minmay, grunt_gozag_statues, serial_shops,
          nicolae_shop_stone
D:10:     nicolae_trove_entry_free_sample, hangedman_pestilent_swarm
D:11:     grunt_lair_entry_orc_guard_hut, serial_shops, shop, shop,
          nicolae_shop_competitors_out_of_business, nicolae_shop_waterfront,
          kennysheep_mini, uniq_urug
D:12:     orc_0_dummy, kennysheep_kite_vault, uniq_nessos
D:14:     erik_vaults_2, enter_bailey_7, kennysheep_small_spiral, spider_trap
D:15:     grunt_enter_depths_magical_seal, minmay_strange_pillars, special_room,
          minmay_misc_feat_room, grunt_ministairs_2, guppyfry_shop_venom
Lair:1:   beast_lair_carwin_9
Lair:2:   grunt_megastairs_2, serial_bayou_shore_b
Lair:3:   lemuel_oklob_altar
Lair:4:   elwin_shoals_entry_stream, dummy_snake_entry,
          minmay_lair_oklob_chamber, wad_woods_river_01
Lair:6:   hangedman_lair_tendril_chambers, wormcave, slime_dummy,
          minmay_stone_trees_small, infiniplex_staircase_pool_2,
          serial_bayou_shore_b, lemuel_fruit_tree
Shoals:1: nicolae_shoals_drake_roost, uniq_aizul
Shoals:2: serial_shops, nicolae_shop_waterfront
Shoals:4: shoals_end_simple, shoal_ilsuiw, nicolae_alphabet_shops,
          nicolae_shoals_hunting_party, uniq_louise, uniq_jorgrun
Snake:1:  portal_ice_cave_entry_dragon
Snake:2:  spider_trap
Snake:3:  serial_shops, nicolae_shop_crystal, minmay_shoptagon,
          grunt_megastairs_3
Snake:4:  minmay_snake_end_coiled, grunt_ministairs_11, basic_stair_grate_trap,
          serial_bayou_shore_b
Orc:1:    basic_altar, serial_shops, shop
Orc:2:    pf_orc_diabolical, minmay_orc_temple_b
Elf:1:    eino_elf_arrival_sip, minivault_28, small_chamber_with_monster,
          minmay_shop_star, uniq_asterion, uniq_agnes
Elf:2:    serial_shops, nicolae_shop_stone, uniq_roxanne
Elf:3:    minmay_elf_hall_circle, serial_shops, nicolae_shop_waterfront,
          grunt_ministairs_2
Abyss:1:  hangedman_shadowy_showcase
Bailey:   bailey_axe_of_yendor_kennysheep, bailey
IceCv:    ice_cave_statue_garden_chambered

Skill      XL: |  1  2  3  4  5  6  7  8  9 10 11 12 13 14 15 16 17 18 19 |
---------------+----------------------------------------------------------+-----
Long Blades    | 2 3 4 5 7 8 10 11 12 13 14 15 | 15.0
Armour         | 2 3 4 5 6 7 8 9 10 11 12 13 | 13.5
Fighting       | 4 5 6 7 8 9 10 11 12 14 15 16 | 16.3
Invocations    | 3 4 5 6 8 9 11 12 13 | 13.4
Shields        | 3 5 6 8 9 10 13 14 | 14.0
Dodging        | 3 6 8 10 | 10.9
Evocations     | 4 9 11 | 11.0

Action                   |  1- 3 |  4- 6 |  7- 9 | 10-12 | 13-15 | 16-18 | 19-21 || total
-------------------------+-------+-------+-------+-------+-------+-------+-------++-------
Melee: Falchion          |   152 |     1 |       |       |       |       |       ||   153
       Long sword        |       |   110 |   139 |   730 |   849 |       |       ||  1828
       Headbutt          |       |     7 |    45 |   200 |   452 |   469 |    71 ||  1244
       Dagger            |       |       |    87 |       |       |       |       ||    87
       Scimitar          |       |       |       |       |   826 |  1671 |   332 ||  2829
Invok: Depart the Abyss  |     1 |       |       |       |       |       |       ||     1
       Banish            |       |       |     7 |    10 |    18 |     6 |     2 ||    43
       Bend Space        |       |       |       |       |     1 |       |     2 ||     3
       Corrupt           |       |       |       |       |       |     1 |     2 ||     3
Evoke: Wand              |       |       |       |       |    23 |    15 |    12 ||    50
       Sack of spiders   |       |       |       |       |     1 |       |       ||     1
       Box of beasts     |       |       |       |       |       |       |     1 ||     1
  Use: Scroll            |     3 |     6 |     2 |    12 |    13 |    14 |     5 ||    55
       Potion            |       |     1 |     1 |     4 |       |     4 |     2 ||    12
 Stab: Distracted        |       |       |       |       |     1 |       |       ||     1
       Paralysed         |       |       |       |       |       |       |     1 ||     1
  Eat: Chunk             |     2 |     8 |     8 |    20 |    55 |    31 |     2 ||   126
       Ration            |     1 |       |     3 |     5 |     6 |     9 |     4 ||    28
Armor: Leather armour    |    87 |    11 |       |       |       |       |       ||    98
       Chain mail        |       |    72 |   138 |   306 |   349 |       |       ||   865
       Ring mail         |       |       |       |       |   158 |   352 |    90 ||   600
Dodge: Dodged            |   113 |    57 |    68 |   152 |   414 |   764 |   128 ||  1696
Block: Buckler           |       |       |     2 |   193 |   145 |       |       ||   340
       Shield            |       |       |       |    39 |   653 |   934 |   183 ||  1809
       Rpst.: Falchion   |    39 |     1 |       |       |       |       |       ||    40
       Long sword        |       |    15 |    10 |    46 |    57 |       |       ||   128
       Scimitar          |       |       |       |       |    50 |   135 |    18 ||   203

Table legend:
 A = Spawn XP
 B = Non-spawn XP
 C = Spawn XP percentage of total XP
 D = Spawn monster count
 E = Non-spawn monster count
 F = Spawn count percentage of total count
 G = Total turns spent on level
                    A         B        C        D         E        F      G
               +---------+---------+-------+---------+---------+-------+---------
         Total |       0 |  439836 |   0.0 |       0 |    1314 |   0.0 | 61085
               +---------+---------+-------+---------+---------+-------+---------
           D:1 |       0 |      44 |   0.0 |       0 |      24 |   0.0 |  1280
           D:2 |       0 |      53 |   0.0 |       0 |      17 |   0.0 |  1507
           D:3 |       0 |     286 |   0.0 |       0 |      24 |   0.0 |  1094
           D:4 |       0 |     187 |   0.0 |       0 |       9 |   0.0 |   685
           D:5 |       0 |     389 |   0.0 |       0 |      16 |   0.0 |  1056
           D:6 |       0 |    1237 |   0.0 |       0 |      30 |   0.0 |  1628
           D:7 |       0 |    1533 |   0.0 |       0 |      23 |   0.0 |   939
           D:8 |       0 |    2203 |   0.0 |       0 |      26 |   0.0 |  1251
           D:9 |       0 |    2711 |   0.0 |       0 |      19 |   0.0 |  1517
          D:10 |       0 |    3003 |   0.0 |       0 |      35 |   0.0 |  1665
          D:11 |       0 |    7162 |   0.0 |       0 |      48 |   0.0 |  1456
          D:12 |       0 |   13070 |   0.0 |       0 |      57 |   0.0 |  2791
          D:13 |       0 |    4480 |   0.0 |       0 |      28 |   0.0 |  1124
          D:14 |       0 |   14342 |   0.0 |       0 |      48 |   0.0 |  1681
          D:15 |       0 |   12915 |   0.0 |       0 |      37 |   0.0 |  1490
        Lair:1 |       0 |    6272 |   0.0 |       0 |      27 |   0.0 |  1819
        Lair:2 |       0 |    6017 |   0.0 |       0 |      26 |   0.0 |  1798
        Lair:3 |       0 |    4099 |   0.0 |       0 |      16 |   0.0 |  1440
        Lair:4 |       0 |    8178 |   0.0 |       0 |      33 |   0.0 |  2630
        Lair:5 |       0 |    5747 |   0.0 |       0 |      20 |   0.0 |  1991
        Lair:6 |       0 |   23444 |   0.0 |       0 |      74 |   0.0 |  3766
      Shoals:1 |       0 |   18996 |   0.0 |       0 |      41 |   0.0 |  1392
      Shoals:2 |       0 |    9526 |   0.0 |       0 |      17 |   0.0 |   904
      Shoals:3 |       0 |   11623 |   0.0 |       0 |      24 |   0.0 |  2663
      Shoals:4 |       0 |   38813 |   0.0 |       0 |      57 |   0.0 |  1942
       Snake:1 |       0 |   21691 |   0.0 |       0 |      40 |   0.0 |  1396
       Snake:2 |       0 |   18684 |   0.0 |       0 |      30 |   0.0 |  1294
       Snake:3 |       0 |   17624 |   0.0 |       0 |      29 |   0.0 |  2068
       Snake:4 |       0 |   44510 |   0.0 |       0 |      78 |   0.0 |  2794
         Orc:1 |       0 |    2239 |   0.0 |       0 |      34 |   0.0 |  1107
         Orc:2 |       0 |   18328 |   0.0 |       0 |     112 |   0.0 |  2445
         Elf:1 |       0 |   32251 |   0.0 |       0 |      51 |   0.0 |  2057
         Elf:2 |       0 |   34288 |   0.0 |       0 |      52 |   0.0 |  2358
         Elf:3 |       0 |   46544 |   0.0 |       0 |      58 |   0.0 |  2068
        Bailey |       0 |    3943 |   0.0 |       0 |      42 |   0.0 |  1294
         IceCv |       0 |    3404 |   0.0 |       0 |      12 |   0.0 |   587
               +---------+---------+-------+---------+---------+-------+---------
